Map: Tours du crépuscule

Players

zidar

  • Race: Zerg Zerg
  • League: Silver
  • Spawn Location: 1:00

SVT - Winner!

  • Race: Zerg Zerg
  • League: Gold
  • Spawn Location: 7:00

VOD

Have the link to the VOD?

Description

Time

  • Played on: Jan. 16, 2016, 2:26 p.m.
  • Length: 11:19
Show
View Real Time Build Order
Export as new Build Order

zidar Zerg 

Build Orders: Pool First 

Get SALT Encoding   

  12  0:02  Drone  
  13  0:14  Overlord  
  13  0:19  Drone  
  14  0:36  Spawning Pool  
  14  0:37  Drone  
  14  0:42  Drone  
  15  0:46  Drone  
  16  0:51  Drone  
  17  1:24  Drone  
  18  1:28  Extractor, Hatchery  
  18  1:29  Drone  
  18  1:31  Drone  
  18  1:35  Queen  
  20  1:47  Spine Crawler  
  19  1:55  Drone  
  19  1:59  Drone  
  21  2:07  Overlord  
  20  2:10  Drone  
  21  2:27  Zergling x2  
  22  2:34  Queen  
  24  3:12  Lair  
  24  3:17  Extractor, Drone x8  
  31  3:27  Extractor  
  31  3:28  Extractor  
  20  3:57  Zergling x16  
  20  3:58  Zergling x2  
  23  4:09  Queen  
  25  4:11  Queen  
  27  4:24  Spire  
  26  4:32  Drone x2  
  28  4:44  Overlord  
  28  4:46  Drone  
  29  5:17  Drone x6  
  35  5:38  Drone x5  
  40  6:02  Mutalisk x2  
  44  6:05  Overlord  
  44  6:08  Overlord  
  44  6:25  Drone x4  
  48  6:28  Mutalisk  
  50  6:34  Mutalisk  
  52  6:51  Mutalisk x2  
  52  6:52  Mutalisk  
  58  6:57  Mutalisk  
  60  7:03  Overlord  
  60  7:30  Overlord  
  60  7:32  Mutalisk x4  
  68  7:58  Mutalisk x4  
  68  8:03  Overlord  
  68  8:04  Overlord  
  76  8:14  Metabolic Boost  
  76  8:27  Mutalisk x3  
  76  8:33  Zergling x8  
  86  9:02  Mutalisk x3  
  92  9:11  Overlord x2  
  92  9:12  Overlord  
  35  9:55  Mutalisk  
  35  9:56  Mutalisk x3  
  38  10:02  Mutalisk  
  38  10:03  Mutalisk  
  40  10:13  Zergling x14  
Show
View Real Time Build Order
Export as new Build Order

SVT Zerg - Winner!

Build Orders: Pool First 

Get SALT Encoding   

  12  0:01  Drone  
  13  0:12  Overlord  
  13  0:21  Overlord  
  13  0:25  Drone  
  14  0:30  Drone  
  14  0:35  Drone  
  16  0:43  Extractor  
  16  0:45  Drone  
  16  0:56  Spawning Pool  
  15  0:59  Drone  
  16  1:07  Drone  
  17  1:17  Drone  
  18  1:35  Drone  
  19  1:47  Zergling x2  
  19  1:49  Metabolic Boost  
  19  1:51  Zergling x2  
  21  2:03  Hatchery, Drone  
  21  2:12  Roach Warren  
  20  2:16  Zergling x2  
  20  2:20  Queen  
  23  2:28  Zergling x2  
  24  2:36  Zergling x2  
  25  2:45  Drone  
  26  2:56  Drone  
  27  3:06  Drone  
  28  3:13  Lair  
  28  3:15  Extractor  
  28  3:17  Drone  
  28  3:27  Drone  
  29  3:39  Drone x3  
  31  3:50  Zergling x2  
  32  3:57  Roach  
  33  4:08  Roach  
  35  4:13  Glial Reconstitution  
  35  4:25  Overlord  
  35  4:33  Evolution Chamber x2  
  35  4:35  Hydralisk Den  
  35  4:38  Queen, Drone  
  35  4:41  Overlord x2  
  35  4:44  Drone  
  36  4:54  Drone x3  
  39  5:02  Zerg Missile Weapons Level 1, Zerg Ground Armor Level 1  
  39  5:09  Muscular Augments  
  39  5:18  Drone x4  
  43  5:27  Hydralisk x2  
  47  5:34  Drone  
  47  5:35  Drone x2  
  50  5:37  Extractor  
  50  5:42  Drone x2  
  51  5:47  Extractor, Hydralisk x2  
  54  5:55  Overlord  
  54  5:58  Drone  
  55  6:07  Drone x3  
  58  6:13  Overlord x2  
  58  6:18  Lair  
  58  6:20  Hydralisk x2  
  62  6:28  Ravager  
  63  6:33  Pneumatized Carapace  
  63  6:36  Roach x2  
  63  6:37  Zergling x6  
  63  6:39  Zergling x2  
  71  6:43  Drone x2  
  73  7:02  Roach x3  
  73  7:03  Zerg Missile Weapons Level 2  
  79  7:08  Drone x3  
  79  7:09  Drone  
  79  7:11  Overlord  
  79  7:13  Overlord  
  83  7:29  Drone  
  84  7:31  Overlord  
  84  7:33  Hatchery  
  83  7:37  Roach x2  
  83  7:39  Zergling x2  
  88  7:50  Hydralisk x3  
  94  8:01  Hydralisk x2  
  98  8:06  Zerg Ground Armor Level 2  
  98  8:07  Extractor  
  98  8:10  Extractor  
  96  8:15  Zergling x4  
  98  8:22  Hydralisk x2  
  102  8:28  Hydralisk x2  
  102  8:31  Overlord x2  
  106  8:51  Overlord x3  
  106  8:55  Spore Crawler  
  106  8:57  Spore Crawler, Drone  
  106  8:58  Drone x5  
  110  9:05  Hydralisk x2  
  110  9:08  Hydralisk  
  116  9:13  Hydralisk  
  116  9:16  Hydralisk  
  88  9:46  Hydralisk x9  
  100  10:02  Hydralisk x5  
  94  10:23  Hydralisk x5, Drone  
  99  10:42  Hydralisk x6  
  111  10:53  Spore Crawler  
  111  10:56  Spore Crawler  
  109  11:00  Spore Crawler x2  
  89  11:12  Spore Crawler  
Tags
 
Add a new tag
Caveats
  • Supply blocks, unpowered buildings, or Contaminate may cause inaccurate times.
  • Supply counts are checked every 10 seconds.